 Dungeon Crawl Stone Soup version 0.28-a0-845-gfc338a8e3c (webtiles) character file.

Game seed: 14561958517075700376

1591 marklar909 the Skirmisher (level 8, 0/68 HPs)
             Began as a Palentonga Abyssal Knight on Nov 12, 2021.
             Was a Priest of Lugonu.
             Slain by Harold (9 damage)
             ... on level 7 of the Dungeon.
             The game lasted 00:14:44 (7814 turns).

marklar909 the Skirmisher (PaAK)                    Turns: 7814, Time: 00:14:44

Health: 0/68       AC: 19    Str: 18    XL:     8   Next: 61%
Magic:  0/11       EV:  9    Int: 10    God:    Lugonu [***...]
Gold:   367        SH:  0    Dex: 12    Spells: 7/7 levels left

rFire   . . .      SeeInvis +   w - +5 mace of Banaiq {vorpal, rC+}
rCold   + . .      Faith    .   (no shield)
rNeg    . . .      Spirit   +   r - +0 ring mail
rPois   .          Reflect  .   (no helmet)
rElec   .          Harm     .   l - +0 cloak
rCorr   .          Rampage  .   a - +0 pair of gloves
Will    .....                   (no barding)
Stlth   +.........              y - amulet of guardian spirit
HPRegen 0.21/turn               j - +4 ring of protection
MPRegen 0.12/turn               (no ring)

@: marked, curled up
A: large, rugged brown scales 3, see invisible, deformed body, roll 1, armoured
tail, reflexive curl
a: Rolling Charge, Renounce Religion, Depart the Abyss, Bend Space, Banish


You were on level 7 of the Dungeon.
You worshipped Lugonu.
Lugonu was most pleased with you.
You visited 1 branch of the dungeon, and saw 7 of its levels.
You visited the Abyss 1 time.

You collected 367 gold pieces.

Inventory:

Hand Weapons
 w - the +5 mace of Banaiq (weapon) {vorpal, rC+}
   (You found it on level 5 of the Dungeon)

   It inflicts extra damage upon your enemies.
   rC:        It protects you from cold.
 x - a +5 dire flail
Missiles
 m - 7 javelins
Armour
 a - a +0 pair of gloves (worn)
 l - a +0 cloak (worn)
 r - a +0 ring mail (worn)
Jewellery
 b - a ring of ice
 g - an amulet of faith
 j - a +4 ring of protection (left hand)
 y - an amulet of guardian spirit (around neck)
Scrolls
 d - a scroll of holy word {unknown}
 k - 4 scrolls of teleportation
 n - a scroll of identify
 p - a scroll of enchant weapon {unknown}
 q - a scroll of vulnerability {unknown}
 t - a scroll of enchant armour {unknown}
Potions
 c - a potion of resistance
 e - a potion of degeneration {unknown}
 f - 2 potions of berserk rage
 h - a potion of attraction {unknown}
 i - 2 potions of curing
 u - a potion of invisibility {unknown}
 v - a potion of might {unknown}


   Skills:
 * Level 6.2 Fighting
 + Level 5.8 Maces & Flails
 + Level 4.6 Armour
 + Level 2.3 Dodging
 + Level 0.6 Stealth
 * Level 4.9 Invocations
 + Level 0.6 Evocations


You had 7 spell levels left.
You didn't know any spells.
Your spell library contained the following spells:

 Spells                   Type           Power      Damage    Failure   Level
 Sting                    Tmut/Pois      0%         1d3       54%         1
 Poisonous Vapours        Pois/Air       0%         N/A       67%         2
 Olgreb's Toxic Radiance  Pois           0%         N/A       99%         4


Dungeon Overview and Level Annotations

Branches:
Dungeon (7/15)             Temple (0/1) D:4

Altars:
Ashenzari
Cheibriados
Gozag
Okawaru
Ru
Sif Muna
Uskayaw
Vehumet
Yredelemnul
Zin

Annotations:
D:7 Harold


Innate Abilities, Weirdness & Mutations

You are completely covered in rugged brown scales. (AC +3, +7% HP)
You have supernaturally acute eyesight. (SInv)
Armour fits poorly on your strangely shaped body.
You can roll at nearby foes to attack.
You have a long armoured tail.
You curl defensively after being hit. (AC +7*)


Message History

Harold throws a throwing net.
The throwing net hits you.
You become entangled in the net!
Aiming: Iceblast
Press: ? - help, Shift-Dir - straight line, f/p - Harold
Aim: Harold, wielding a +0 trident and wearing a +0 chain mail (heavily wounded)
The mass of ice explodes!
The iceblast engulfs Harold!
Harold is heavily wounded.
Harold hits you but does no damage.
Aiming: Iceblast
Press: ? - help, Shift-Dir - straight line, f/p - Harold
Aim: Harold, wielding a +0 trident and wearing a +0 chain mail (heavily wounded)
The mass of ice explodes!
The iceblast engulfs Harold!
Harold is severely wounded.
The now-empty wand crumbles to dust.
Harold hits you from afar with a +0 trident!
Press: ? - help, Shift-Dir - straight line, f/p - Harold
Aim: Harold, wielding a +0 trident and wearing a +0 chain mail (severely wounded, chance to affect: 51%)
Okay, then.
You tear a large gash into the net.
Harold hits you from afar with a +0 trident!!
You shred the net and break free!
Harold says, "Listen, it's nothing personal.
It's just a job."
Harold hits you but does no damage. Harold hits you with a +0 trident!
You sock Harold! You tail-slap Harold.
Harold is almost dead.
Harold barely misses you.
You hit Harold.
Harold is almost dead.
Harold hits you with a +0 trident!!
You hit Harold but do no damage.
Harold is almost dead.
Harold hits you with a +0 trident!
* * * LOW HITPOINT WARNING * * *
You hit Harold but do no damage.
Your tail-slap misses Harold.
Harold is almost dead.
Harold hits you with a +0 trident.
* * * LOW HITPOINT WARNING * * *
Harold hits you with a +0 trident!
You die...

## .### ##... ## #..#
.# ..#### .# .....
##@# .#.######
#.####@#.## ........#
#.....###.#
#.#####.########.#..#
..####...########.#.#
..#...............#.#
#.#.##...####...###.#
..#.###.## #.....>.#
....# #.# #...#####
##### #.# ##.##


You could see Harold.

Vanquished Creatures
  Sigmund (D:2)
  A black bear (D:6)
  An orc warrior (D:6)
  A sky beast (D:5)
  A necrophage (D:6)
  2 ogres (D:5)
  A kobold brigand (D:6)
  Blork the orc (D:6)
  2 scorpions (D:5)
  5 wights (D:6)
  A jelly (D:4)
  A bullfrog zombie (D:7)
  A centaur skeleton (D:4)
  A bullfrog skeleton (D:6)
  2 hounds
  2 iguanas
  A hound skeleton (D:5)
  A mummy (D:4)
  4 gnolls (D:6)
  6 adders
  A white imp (D:6)
  An ufetubus (D:5)
  A worm (D:5)
  3 dart slugs
  6 orcs
  5 ball pythons
  A bat (D:2)
  5 endoplasms
  5 giant cockroaches
  4 goblins
  4 hobgoblins
  2 jackals (D:4)
  8 kobolds
  2 quokkas
  12 frilled lizards
  2 kobold zombies (D:4)
  2 orc zombies (D:4)
  5 rats
105 creatures vanquished.

Notes
Turn   | Place    | Note
-------+----------+-------------------------------------------
     0 | Abyss:1  | marklar909 the Palentonga Abyssal Knight began the quest
                  | for the Orb.
     0 | Abyss:1  | Reached XP level 1. HP: 19/19 MP: 2/2
    76 | Abyss:1  | Found a corrupted altar of Lugonu.
    83 | D:1      | Escaped the Abyss
   373 | D:1      | Reached XP level 2. HP: 23/25 MP: 3/3
   644 | D:1      | Reached ** piety under Lugonu
   755 | D:1      | Found a faded altar of an unknown god.
   980 | D:2      | Reached XP level 3. HP: 15/31 MP: 4/4
  1539 | D:2      | Noticed Sigmund
  1637 | D:3      | Reached skill level 1 in Dodging
  1637 | D:3      | Reached XP level 4. HP: 28/38 MP: 5/5
  1929 | D:3      | Found a broken altar of Ashenzari.
  1929 | D:3      | Found a sacrificial altar of Ru.
  1929 | D:3      | Found a shimmering blue altar of Sif Muna.
  2499 | D:4      | Reached XP level 5. HP: 13/44 MP: 7/7
  2730 | D:4      | Found a staircase to the Ecumenical Temple.
  3059 | D:4      | Reached skill level 4 in Fighting
  3325 | D:4      | Found a hide-covered altar of Uskayaw.
  3709 | D:5      | Entered Level 5 of the Dungeon
  3992 | D:2      | Killed Sigmund
  3993 | D:2      | Reached XP level 6. HP: 23/52 MP: 8/8
  4237 | D:2      | Reached *** piety under Lugonu
  4418 | D:5      | Found a snail-covered altar of Cheibriados.
  4431 | D:5      | Noticed a sky beast
  4443 | D:5      | Killed a sky beast
  4599 | D:5      | Found an iron altar of Okawaru.
  4599 | D:5      | Found a radiant altar of Vehumet.
  4633 | D:5      | Found an opulent altar of Gozag.
  4633 | D:5      | Found a glowing silver altar of Zin.
  4714 | D:5      | Gained mutation: You curl defensively after being hit. (AC
                  | +7*) [Palentonga growth]
  4714 | D:5      | Reached XP level 7. HP: 25/58 MP: 9/9
  5477 | D:5      | Reached skill level 5 in Fighting
  5493 | D:5      | Identified the +5 mace of Banaiq {vorpal, rC+}
  6067 | D:6      | Reached skill level 5 in Maces & Flails
  6069 | D:6      | Reached XP level 8. HP: 59/68 MP: 9/11
  6765 | D:6      | Found a basalt altar of Yredelemnul.
  6973 | D:6      | Noticed Blork the orc
  6980 | D:6      | Killed Blork the orc
  6981 | D:6      | Reached skill level 6 in Fighting
  7802 | D:7      | Noticed Harold
  7814 | D:7      | Slain by Harold

Illustrated notes

Levels and vault maps discovered:
D:1:      amcnicky_arrival_flooded_fountain, layout_loops_ring,
          hellmonk_ecumenical_altar_run_dry, minmay_unequal
D:2:      minmay_door_path, layout_basic, uniq_sigmund
D:3:      layout_loops_cross, gammafunk_temple_overflow_claw
D:4:      layout_cave_pools, eat_drink_and_be_merry_uskayaw,
          minmay_temple_entry_antechambers, minmay_mini_ossuary
D:5:      layout_cave_pools, grunt_temple_overflow_gold_and_silver,
          mainiacjoe_overflow_cross_hatched, gammafunk_temple_overflow_elements,
          kennysheep_generic_room_14
D:6:      layout_basic, overflow_temple_1_default, minmay_microvault,
          uniq_blork_the_orc
D:7:      layout_loops_ring, lemuel_round_altar, minmay_unpleasant_kobolds,
          uniq_harold

Skill      XL: |  1  2  3  4  5  6  7  8 |
---------------+-------------------------+-----
Armour         | 2 3 4 |  4.6
Dodging        | 1 2 |  2.3
Maces & Flails | 3 4 5 |  5.8
Fighting       | 4 5 6 |  6.2
Invocations    | 3 4 |  4.9
Stealth        | |  0.6
Evocations     | |  0.6

Action                   |  1- 3 |  4- 6 |  7- 9 || total
-------------------------+-------+-------+-------++-------
Melee: Mace              |    67 |   159 |   132 ||   358
       Tailslap          |     4 |    25 |    31 ||    60
Invok: Bend Space        |       |       |     2 ||     2
 Abil: Rolling Charge    |     2 |     4 |     2 ||     8
Evoke: Wand              |       |       |    12 ||    12
  Use: Scroll            |       |     3 |     1 ||     4
       Potion            |       |     1 |       ||     1
 Stab: Sleeping          |       |     1 |       ||     1
Armor: Leather armour    |    28 |    57 |       ||    85
       Ring mail         |       |     9 |    57 ||    66
Dodge: Dodged            |    36 |    86 |    64 ||   186

Table legend: (Time is in decaauts)
 A = Elapsed time spent in this place.
 B = Non-inter-level travel time spent in this place.
 C = Inter-level travel time spent in this place.
 D = Time resting spent in this place.
 E = Time spent auto-exploring this place.
 F = Levels seen in this place.
 G = Mean time per level.
                   A        B        C        D        E       F      G
               +--------+--------+--------+--------+--------+-----+--------+
         Total |   7896 |   7332 |    564 |   1951 |   3893 |   8 |  987.0 |
       Dungeon |   7813 |   7249 |    564 |   1951 |   3893 |   7 | 1116.1 |
         Abyss |     83 |     83 |      0 |      0 |      0 |   1 |   83.0 |
               +--------+--------+--------+--------+--------+-----+--------+

Top non-repeatable levels by time:
     D:6: 1807 daAuts
     D:4: 1503 daAuts
     D:5: 1289 daAuts
     D:1: 1257 daAuts
     D:3: 969 daAuts
     D:2: 922 daAuts
 Abyss:1: 83 daAuts
     D:7: 63 daAuts
